[ AOE2 MATCH · #505499702 ]
UnrankedGoths vs Chinese
Player's team · LOSS
Rival team · WIN
[ REPLAY ANALYSIS · EXTRACTED FROM THE RECORDED GAME ]
Feudal
—
Castle
—
Imperial
—
| APM avg | 61.4 |
| APM peak | 86 |
| eAPM avg | 20.2 |
| Villagers / military | 47 / 0 |
Focus
⚔️ 23.9% · 🌾 76.1%
Feudal
—
Castle
—
Imperial
—
| APM avg | 70.9 |
| APM peak | 96 |
| eAPM avg | 35.1 |
| Villagers / military | 34 / 0 |
Focus
⚔️ 13.6% · 🌾 86.4%
Match map
Initial resources + every placement click. Lines = walls · curves = elevation contours. ◆ gold · ⬟ stone · ● berries · ✦ relic · ◌ wall gap
Your base
stevenchiu's base
Smoothed initial terrain · ◌ = detected wall gap · hover for details
Inputs per minute
— kim.henrik.himanen123 - - stevenchiu
Build order — kim.henrik.himanen123
37 actions detected in the replay
| 0:00 | Queue | Villager (Male) ×4 |
| 0:01 | Queue | Villager (Male) ×4 |
| 0:02 | Build | House |
| 0:02 | Build | House |
| 0:27 | Research | Loom |
| 0:28 | Queue | Villager (Male) ×2 |
| 0:28 | Queue | Villager (Male) ×2 |
| 1:37 | Queue | Villager (Male) |
| 1:37 | Queue | Villager (Male) |
| 2:24 | Queue | Villager (Male) |
| 2:52 | Queue | Villager (Male) |
| 2:53 | Queue | Villager (Male) |
| 3:14 | Queue | Villager (Male) |
| 3:14 | Queue | Villager (Male) |
| 3:39 | Queue | Villager (Male) |
| 3:39 | Queue | Villager (Male) |
| 3:51 | Queue | Villager (Male) |
| 3:51 | Queue | Villager (Male) |
| 4:20 | Queue | Villager (Male) |
| 4:21 | Queue | Villager (Male) |
| 4:45 | Queue | Villager (Male) |
| 5:08 | Build | Palisade Wall |
| 5:40 | Build | Palisade Wall |
| 5:57 | Queue | Villager (Male) ×3 |
| 5:58 | Queue | Villager (Male) ×3 |
| 6:10 | Build | Palisade Wall |
| 6:12 | Build | Palisade Wall |
| 6:53 | Queue | Villager (Male) ×2 |
| 6:53 | Queue | Villager (Male) ×2 |
| 7:09 | Queue | Villager (Male) |
| 7:19 | Build | House |
| 8:16 | Queue | Villager (Male) |
| 8:16 | Queue | Villager (Male) |
| 8:44 | Build | Palisade Wall |
| 8:59 | Build | Palisade Wall |
| 9:31 | Queue | Villager (Male) ×4 |
| 9:31 | Queue | Villager (Male) ×4 |
Build order — stevenchiu
46 actions detected in the replay
| 0:02 | Research | Loom |
| 0:03 | Research | Loom |
| 0:41 | Queue | Villager (Male) |
| 0:41 | Queue | Villager (Male) |
| 1:07 | Queue | Villager (Male) |
| 1:07 | Queue | Villager (Male) |
| 1:31 | Queue | Villager (Male) |
| 1:31 | Queue | Villager (Male) |
| 1:55 | Queue | Villager (Male) |
| 1:56 | Queue | Villager (Male) |
| 2:20 | Queue | Villager (Male) |
| 2:20 | Queue | Villager (Male) |
| 2:48 | Queue | Villager (Male) |
| 2:48 | Queue | Villager (Male) |
| 2:54 | Build | Lumber Camp |
| 3:15 | Build | House |
| 3:17 | Queue | Villager (Male) |
| 3:17 | Queue | Villager (Male) |
| 3:59 | Queue | Villager (Male) |
| 4:08 | Queue | Villager (Male) |
| 4:08 | Queue | Villager (Male) |
| 4:35 | Queue | Villager (Male) |
| 4:50 | Queue | Villager (Male) |
| 5:04 | Queue | Villager (Male) |
| 5:06 | Build | Mill |
| 5:23 | Queue | Villager (Male) |
| 5:56 | Queue | Villager (Male) |
| 5:56 | Queue | Villager (Male) |
| 5:58 | Build | House |
| 6:23 | Queue | Villager (Male) |
| 6:41 | Queue | Villager (Male) |
| 6:41 | Queue | Villager (Male) |
| 6:59 | Build | House |
| 7:00 | Queue | Villager (Male) |
| 7:00 | Queue | Villager (Male) |
| 7:38 | Queue | Villager (Male) |
| 8:02 | Build | Farm |
| 8:02 | Build | Farm |
| 8:36 | Queue | Villager (Male) |
| 8:37 | Queue | Villager (Male) |
| 9:19 | Queue | Villager (Male) |
| 9:19 | Queue | Villager (Male) |
| 9:22 | Build | Farm |
| 9:24 | Build | Farm |
| 9:50 | Queue | Villager (Male) |
| 9:53 | Build | Farm |
Match timeline
| 5:08 | kim.henrik.himanen123 · wall_segment Palisade Wall x4 |
| 5:40 | kim.henrik.himanen123 · wall_segment Palisade Wall x1 |
| 6:10 | kim.henrik.himanen123 · wall_segment Palisade Wall x1 |
| 6:12 | kim.henrik.himanen123 · wall_segment Palisade Wall x1 |
| 8:44 | kim.henrik.himanen123 · wall_segment Palisade Wall x1 |
| 8:59 | kim.henrik.himanen123 · wall_segment Palisade Wall x1 |
| 9:54 | kim.henrik.himanen123 · resign |
[ AI ANALYSIS · 1 CREDIT ]
What really happened in this match?
Wolo.gg analyzes every decision: build order, eco, micro, common mistakes by bracket. Personalized analysis on WhatsApp or Discord in 30 seconds.
Civ guide
Goths
Perfil
Jugador #25475928